 Dungeon Crawl Stone Soup version 0.26-a0-466-g989023bd0d (webtiles) character file.

Game seed: 13713818047254514812

5040 vurker the Thrower (level 10, -7/91 HPs)
             Began as a Minotaur Hunter on Aug 11, 2020.
             Was a Believer of Fedhas.
             Mangled by a death yak (21 damage)
             ... on level 8 of the Dungeon.
             The game lasted 00:10:50 (8509 turns).

vurker the Thrower (Minotaur Hunter)                Turns: 8509, Time: 00:10:51

Health: -7/91      AC: 11    Str: 20    XL:     10   Next: 30%
Magic:  12/12      EV: 11    Int: 10    God:    Fedhas [**....]
Gold:   534        SH: 10    Dex: 14    Spells: 9/9 levels left

rFire    . . .     SeeInvis .   w - +10 mace of the Lurker {holy, rN+ Int+2 Dex+3}
rCold    . . .     Faith    .   C - +0 kite shield
rNeg     + . .     Spirit   .   k - +0 chain mail
rPois    .         Reflect  .   (helmet restricted)
rElec    .         Harm     .   y - +0 cloak
rCorr    .                      (no gloves)
MR       .....                  v - +0 pair of boots
Stlth    ..........             (no amulet)
HPRegen  0.25/turn              h - ring of flight
MPRegen  0.13/turn              l - +4 ring of evasion

@: no status effects
A: retaliatory headbutt, horns 2
a: Wall of Briars, Renounce Religion, Evoke Flight


You were on level 8 of the Dungeon.
You worshipped Fedhas.
Fedhas was pleased with you.
You visited 1 branch of the dungeon, and saw 9 of its levels.

You collected 534 gold pieces.

Inventory:

Hand Weapons
 w - the +10 mace of the Lurker (weapon) {holy, rN+ Int+2 Dex+3}
   (You found it on level 6 of the Dungeon)

   It has been blessed by the Shining One to cause great damage to the undead
   and demons.
   It affects your intelligence (+2).
   It affects your dexterity (+3).
   It protects you from negative energy.
Missiles
 c - 4 javelins (quivered)
 d - 2 throwing nets
Armour
 k - a +0 chain mail (worn)
   (You found it on level 3 of the Dungeon)
 o - a +2 cloak of magic resistance
   (You took it off Maurice on level 8 of the Dungeon)
 v - a +0 pair of boots (worn)
   (You found it on level 6 of the Dungeon)
 y - a +0 cloak (worn)
   (You took it off Crazy Yiuf on level 6 of the Dungeon)
 C - a +0 kite shield (worn)
   (You took it off an orc on level 6 of the Dungeon)
Jewellery
 h - a ring of flight (left hand)
   (You found it on level 2 of the Dungeon)
 l - a +4 ring of evasion (right hand)
   (You found it on level 3 of the Dungeon)
Wands
 b - a wand of enslavement (12)
   (You found it on level 7 of the Dungeon)
 u - a wand of paralysis (14)
   (You took it off Ijyb on level 4 of the Dungeon)
 x - a wand of acid (3)
   (You found it on level 5 of the Dungeon)
Scrolls
 a - 2 scrolls of magic mapping
 f - a scroll of teleportation
 i - 5 scrolls of remove curse
 m - a scroll of fog
Potions
 e - a potion of cancellation
 g - 5 potions of curing
 j - a potion of haste
 p - a potion of heal wounds {unknown}
 q - a potion of flight
 r - 2 potions of ambrosia
 B - a potion of lignification


   Skills:
 + Level 9.3 Fighting
 * Level 4.3 Maces & Flails
 * Level 10.1 Throwing
 + Level 3.5 Armour
 + Level 4.0 Dodging
 - Level 0.7 Stealth
 * Level 5.9 Shields
 + Level 5.3 Invocations


You had 9 spell levels left.
You didn't know any spells.
Your spell library contained the following spells:

 Spells                   Type           Power        Failure   Level
 Corona                   Hex            #......      100%        1
 Ensorcelled Hibernation  Hex/Ice        #.....       100%        2
 Confusing Touch          Hex            #.......     100%        3
 Dazzling Flash           Conj/Hex       #.....       100%        3
 Tukima's Dance           Hex            #.......     100%        3


Dungeon Overview and Level Annotations

Branches:
Dungeon (9/15)             Temple (0/1) D:5
   Lair: D:8-11         Orc: D:9-12

Altars:
Fedhas
Kikubaaqudgha
Ru
Sif Muna
Uskayaw
Vehumet
Wu Jian
Yredelemnul

Shops:
D:9 [

Annotations:
D:7 1 runed translucent door, Yorgos's ghost, novice GnDe


Innate Abilities, Weirdness & Mutations

You reflexively headbutt those who attack you in melee.
You have a pair of horns on your head.


Message History

The death yak bellows!
A death yak is nearby!
You sock the death yak! The death yak completely misses you.
Your chain mail prevents you from hitting the death yak.
The death yak gores you!
You hit the death yak but do no damage.
You headbutt the death yak, but do no damage.
The death yak gores you! You block the death yak's attack.
You hit the death yak. The death yak completely misses you.
You furiously retaliate!
You headbutt the death yak, but do no damage.
You hit the death yak. The death yak barely misses you.
You hit the death yak. The death yak gores you.
You sock the death yak! The death yak closely misses you.
The death yak misses you. You furiously retaliate!
You headbutt the death yak, but do no damage.
You sock the death yak!
You headbutt the death yak, but do no damage.
You block the death yak's attack.
You hit the death yak. You headbutt the death yak.
You block the death yak's attack.
You barely miss the death yak. You headbutt the death yak.
You block the death yak's attack.
You barely miss the death yak.
You headbutt the death yak, but do no damage.
The death yak gores you but does no damage.
You hit the death yak but do no damage. The death yak gores you!
The death yak gores you!!
* * * LOW HITPOINT WARNING * * *
You hit the death yak.
You headbutt the death yak, but do no damage.
You block the death yak's attack.
You hit the death yak.
You headbutt the death yak, but do no damage.
You block the death yak's attack.
You hit the death yak.
The death yak gores you but does no damage.
Okay, then.
You hit the death yak but do no damage. The death yak gores you!!
* * * LOW HITPOINT WARNING * * *
The death yak gores you.
* * * LOW HITPOINT WARNING * * *
Aim: a death yak (heavily wounded)
The bolt of acid hits the death yak!
The death yak is splashed with acid.
You block the death yak's attack.
Aim: a death yak (heavily wounded)
The bolt of acid hits the death yak!
The death yak is splashed with acid.
The death yak gores you!!
You die...
Fedhas appreciates your contribution to the ecosystem.

#.##.# ##.##.###.#####
#.##.##########.###...##
#.##.................##
#.#############.######
#.# #.# #.# #.## #.#
#..# #.# ##Y# ..# #@#
### #.# ############.#
#............#
#.#########..# #.# #..#
#.# #..########## #.#
#####.........>.# #.#
#......########.#


You could see a death yak.

Vanquished Creatures
  2 death yaks (D:8)
  Maurice (D:8)
  3 yaks (D:8)
  Menkaure (D:6)
  A hornet zombie (D:6)
  3 orc warriors
  4 ice beasts
  An ogre (D:8)
  2 phantoms
  6 bullfrogs
  2 scorpions
  3 killer bees (D:8)
  9 wights
  4 howler monkeys (D:6)
  2 vampire bats (D:7)
  A centaur zombie (D:6)
  2 bullfrog skeletons
  3 orc priests
  Crazy Yiuf (D:6)
  3 hounds
  3 orc wizards
  Ijyb (D:4)
  2 iguanas
  4 worker ants
  2 hound skeletons
  A worker ant zombie (D:6)
  4 gnolls (D:3)
  4 adders
  2 oozes
  2 worms
  2 dart slugs
  6 leopard geckos
  23 orcs
  A ball python (D:6)
  11 bats
  6 giant cockroaches
  2 goblins (D:1)
  10 hobgoblins
  12 jackals
  4 quokkas
  4 frilled lizards
  A jackal skeleton (D:6)
  9 kobolds
  A leopard gecko skeleton (D:7)
  7 rats
178 creatures vanquished.

Notes
Turn   | Place    | Note
-------+----------+-------------------------------------------
     0 | D:1      | vurker the Minotaur Hunter began the quest for the Orb.
     0 | D:1      | Reached XP level 1. HP: 18/18 MP: 0/0
    83 | D:1      | Reached XP level 2. HP: 19/25 MP: 1/1
   563 | D:1      | Reached XP level 3. HP: 31/31 MP: 2/2
  1652 | D:3      | Reached XP level 4. HP: 40/40 MP: 3/3
  1811 | D:3      | Reached skill level 5 in Throwing
  1812 | D:3      | Found a sacrificial altar of Ru.
  1844 | D:3      | Reached XP level 5. HP: 22/47 MP: 4/4
  1941 | D:3      | Reached skill level 5 in Fighting
  2444 | D:4      | Reached XP level 6. HP: 50/56 MP: 5/5
  2564 | D:4      | Noticed Ijyb
  2585 | D:4      | Paralysed by Ijyb for 5 turns
  2592 | D:4      | Killed Ijyb
  2619 | D:4      | Found a hide-covered altar of Uskayaw.
  2791 | D:4      | Reached skill level 6 in Throwing
  3113 | D:5      | Entered Level 5 of the Dungeon
  3371 | D:5      | Noticed an ice beast
  3393 | D:5      | Killed an ice beast
  3798 | D:5      | Found a blossoming altar of Fedhas.
  3810 | D:5      | Became a worshipper of Fedhas Madash
  3849 | D:5      | Found a staircase to the Ecumenical Temple.
  3919 | D:5      | Reached XP level 7. HP: 60/64 MP: 6/6
  4315 | D:6      | Reached skill level 1 in Invocations
  4350 | D:6      | Found a runed translucent door.
  4351 | D:6      | Noticed Crazy Yiuf
  4352 | D:6      | Got a transparent mace
  4353 | D:6      | Identified the +10 mace of the Lurker {holy, rN+ Int+2
                  | Dex+3} (You found it on level 6 of the Dungeon)
  4359 | D:6      | Killed Crazy Yiuf
  4470 | D:6      | Reached skill level 7 in Throwing
  4511 | D:6      | Reached XP level 8. HP: 41/73 MP: 8/8
  4518 | D:6      | Reached * piety under Fedhas
  4729 | D:6      | Noticed Menkaure
  4738 | D:6      | Reached skill level 8 in Throwing
  4740 | D:6      | Killed Menkaure
  4828 | D:6      | Found an ancient bone altar of Kikubaaqudgha.
  5162 | D:6      | Found a basalt altar of Yredelemnul.
  5284 | D:7      | Found a shimmering blue altar of Sif Muna.
  5349 | D:7      | Reached skill level 1 in Shields
  5378 | D:7      | Found a runed translucent door.
  5378 | D:7      | Noticed Yorgos's ghost (novice GnDe)
  5411 | D:7      | Reached skill level 9 in Throwing
  5487 | D:7      | Found a radiant altar of Vehumet.
  5526 | D:7      | Found an ornate altar of the Wu Jian Council.
  5549 | D:7      | Reached ** piety under Fedhas
  5565 | D:7      | Reached XP level 9. HP: 82/82 MP: 11/11
  5595 | D:7      | HP: 4/82 [orc wizard/magic dart (5)]
  5601 | D:7      | Reached skill level 1 in Armour
  6928 | D:8      | Reached skill level 1 in Maces & Flails
  6979 | D:8      | Noticed Maurice
  6991 | D:8      | Killed Maurice
  7222 | D:9      | Found Lyuge's Antique Armour Emporium.
  7260 | D:9      | Noticed a death yak
  7267 | D:9      | Noticed a death yak
  7267 | D:9      | Noticed a death yak
  7546 | D:8      | Reached skill level 5 in Shields
  7546 | D:8      | Reached skill level 5 in Invocations
  7570 | D:8      | Killed a death yak
  7570 | D:8      | Reached skill level 10 in Throwing
  7570 | D:8      | Reached XP level 10. HP: 22/91 MP: 9/12
  7989 | D:8      | Killed a death yak
  8027 | D:8      | HP: 4/91 [death yak (19)]
  8509 | D:8      | Mangled by a death yak

Illustrated notes

Levels and vault maps discovered:
D:1:      wander_arrival_lonely_grave, layout_loops_ring, hangedman_decor_push,
          serial_bayou_crossing
D:2:      layout_basic, grunt_ministairs_15
D:3:      layout_rooms, lemuel_crystal_altar, minmay_misc_feat_enclosed,
          minivault_27
D:4:      layout_basic, eat_drink_and_be_merry_uskayaw,
          kennysheep_generic_room_8, uniq_ijyb
D:5:      layout_layer_cave, overflow_temple_1_default,
          minmay_temple_entry_drinking_statues, minmay_misc_feat_four_crosses
D:6:      layout_loops_ring, kiku_gazebo_pond_becter, marbit_many_paths,
          uniq_menkaure, uniq_crazy_yiuf_cottage
D:7:      layout_cave_pools, lemuel_round_altar, overflow_temple_1_default,
          basic_altar, hellmonk_ghost_happy_afterlife, roderic_batcave
D:8:      layout_loops_ring, uniq_maurice
D:9:      layout_grid_maze, dpeg_lair_monsters, serial_shops, shop

Skill      XL: |  1  2  3  4  5  6  7  8  9 10 |
---------------+-------------------------------+-----
Fighting       | 3 4 5 6 7 8 9 |  9.3
Throwing       | 5 6 7 9 10 | 10.1
Invocations    | 2 4 5 |  5.3
Shields        | 2 5 |  5.9
Armour         | 3 |  3.5
Maces & Flails | 3 4 |  4.3
Dodging        | 3 4 |  4.0
Stealth        | |  0.7

Action                   |  1- 3 |  4- 6 |  7- 9 | 10-12 || total
-------------------------+-------+-------+-------+-------++-------
Melee: Short sword       |    15 |       |       |       ||    15
       Headbutt          |    19 |    25 |    51 |    17 ||   112
       Dagger            |    97 |   159 |     7 |       ||   263
       Mace              |       |       |   217 |    50 ||   267
Throw: Javelin           |       |     7 |     4 |     2 ||    13
Invok: Wall of Briars    |       |       |     1 |     1 ||     2
Evoke: Wand              |       |       |       |     2 ||     2
  Use: Scroll            |       |       |    17 |       ||    17
       Potion            |       |       |     2 |       ||     2
 Stab: Sleeping          |     2 |       |       |       ||     2
Armor: Leather armour    |    43 |     2 |       |       ||    45
       Chain mail        |       |    90 |   132 |     9 ||   231
Dodge: Dodged            |    56 |    54 |   118 |    24 ||   252
Block: Kite shield       |       |       |    99 |    19 ||   118

Table legend: (Time is in decaauts)
 A = Elapsed time spent in this place.
 B = Non-inter-level travel time spent in this place.
 C = Inter-level travel time spent in this place.
 D = Time resting spent in this place.
 E = Time spent auto-exploring this place.
 F = Levels seen in this place.
 G = Mean time per level.
                   A        B        C        D        E       F      G
               +--------+--------+--------+--------+--------+-----+--------+
         Total |   8624 |   8309 |    315 |    557 |   6346 |   9 |  958.2 |
       Dungeon |   8624 |   8309 |    315 |    557 |   6346 |   9 |  958.2 |
               +--------+--------+--------+--------+--------+-----+--------+

Top non-repeatable levels by time:
     D:8: 1843 daAuts
     D:7: 1346 daAuts
     D:5: 1187 daAuts
     D:1: 1075 daAuts
     D:6: 1033 daAuts
     D:3: 787 daAuts
     D:4: 676 daAuts
     D:2: 579 daAuts
     D:9: 94 daAuts
